 Dungeon Crawl Stone Soup version 0.22-a0-274-gf8199ec82f (webtiles) character file.

35277 SnubMonkey the Brawler (level 13, -4/128 HPs)
             Began as a Troll Transmuter on Mar 14, 2018.
             Was an Elder of Ashenzari.
             Slain by a polar bear (6 damage)
             ... on level 6 of the Lair of Beasts.
             The game lasted 01:26:10 (20546 turns).

SnubMonkey the Brawler (Troll Transmuter)          Turns: 20546, Time: 01:26:11

Health: -4/128     AC:  9    Str: 30    XL:     13   Next: 46%
Magic:  18/18      EV: 13    Int: 16    God:    Ashenzari [****..]
Gold:   1085       SH:  0    Dex: 10    Spells: 0/20 levels left

rFire    . . .     SeeInvis +     - Unarmed
rCold    + . .     Gourm    +   (no shield)
rNeg     . . .     Faith    .   P - +1 robe (curse)
rPois    .         Spirit   .   (helmet restricted)
rElec    .         Reflect  .   O - +2 cloak (curse)
rCorr    .         Harm     .   (gloves unavailable)
MR       ++...     Clarity  +   (boots unavailable)
Stlth    +.........             s - amulet of magic regeneration (curse)
HPRegen  0.71/turn              L - ring "Caipruk" {rC+ MR++ Str+4 SInv} (curse)
MPRegen  0.41/turn              C - +3 ring of intelligence (curse)

@: mighty
A: large, unfitting armour, claws 3, fast metabolism 3, gourmand, regeneration
1, shaggy fur 1, tough skin 2
a: Curse Item, Scrying, Renounce Religion


You were on level 6 of the Lair of Beasts.
You worshipped Ashenzari.
Ashenzari was greatly pleased with you.
You were completely stuffed.

You visited 3 branches of the dungeon, and saw 18 of its levels.
You also visited: Sewer.

You collected 1260 gold pieces.
You spent 175 gold pieces at shops.

Inventory:

Hand Weapons
 b - a +0 blowgun
 v - a +1 hunting sling of electrocution
Missiles
 a - 187 arrows
 h - 82 sling bullets
 i - 5 javelins (quivered)
 j - 5 large rocks
 p - 470 stones
 q - 2 throwing nets
 y - 22 poisoned needles
 R - a curare-tipped needle
Armour
 F - a +0 shield
 O - a cursed +2 cloak (worn)
 P - a cursed +1 robe (worn)
Jewellery
 s - a cursed amulet of magic regeneration (around neck)
 C - a cursed +3 ring of intelligence (right claw)
 L - the cursed ring "Caipruk" (left claw) {rC+ MR++ Str+4 SInv}
   (You bought it in a shop on level 11 of the Dungeon)

   [ring of strength]

   It affects your strength (+4).
   It protects you from cold.
   It affects your resistance to hostile enchantments.
   It lets you see invisible.
   It has a curse placed upon it.
Wands
 e - a wand of acid (8)
 o - a wand of random effects (50)
 w - a wand of polymorph (12)
 J - a wand of paralysis (11)
 K - a wand of flame (16)
 M - a wand of iceblast (21)
 N - a wand of enslavement (13)
Scrolls
 c - a scroll of random uselessness {unknown}
 f - 7 scrolls of enchant weapon
 k - 2 scrolls of fog
 r - 2 scrolls of amnesia
 u - 2 scrolls of magic mapping
 V - 5 scrolls of teleportation
 W - 3 scrolls of identify
Potions
 g - 3 potions of lignification
 l - a potion of invisibility {unknown}
 m - 4 potions of agility
 t - a potion of magic
 z - 5 potions of cancellation
 A - 4 potions of might
 B - 3 potions of curing
 E - 2 potions of haste {unknown}
 H - 2 potions of berserk rage {unknown}
 S - 2 potions of mutation {unknown}
 T - a potion of flight {unknown}
Comestibles
 d - 26 rations
 D - 11 chunks of flesh


   Skills:
 + Level 8.6 Fighting
 - Level 6.2(8.5) Dodging
 * Level 15.7 Unarmed Combat
 + Level 4.4 Spellcasting
 - Level 6.9(10.4) Transmutations
 - Level 1.5(3.8) Ice Magic
 - Level 2.0(4.6) Poison Magic


You couldn't memorise any spells.
You knew the following spells:

 Your Spells              Type           Power        Failure   Level  Hunger
a - Confusing Touch       Hex            #.....       13%         1    None
b - Blade Hands           Tmut           #####.....   6%          5    ######.
c - Spider Form           Tmut/Pois      ####......   2%          3    ###....
d - Ice Form              Ice/Tmut       ####....     9%          4    ####...
e - Passwall              Tmut/Erth      ###.......   2%          2    ##.....
g - Beastly Appendage     Tmut           #####.       1%          1    None
s - Sticks to Snakes      Tmut           #####...     1%          2    ##.....
z - Poisonous Vapours     Pois/Air       ##....       9%          2    ##.....


Dungeon Overview and Level Annotations

Branches:
Dungeon (11/15)            Temple (1/1) D:6            Lair (6/6) D:10
 Shoals (0/4) Lair:4       Spider (0/4) Lair:4        Slime (0/5) Lair:5
    Orc (0/2) D:9

Altars:
Ashenzari
Cheibriados
Dithmenos
Elyvilon
Fedhas
Gozag
Hepliaklqana
Kikubaaqudgha
Makhleb
Nemelex Xobeh
Okawaru
Qazlal
Ru
Sif Muna
Trog
Wu Jian
Xom
Yredelemnul
Zin
The Shining One
Jiyva

Shops:
D:11 *

Annotations:
D:8 1 runed door, exclusion: two-headed ogre
D:9 exclusion: oklob sapling
Lair:1 exclusion: 2 oklob plants
Lair:2 exclusion: sensed monster (detected)
Lair:5 1 runed door, exclusion: oklob plant


Innate Abilities, Weirdness & Mutations

You are too large for most types of armour.
You have claws for hands.
Your metabolism is lightning-fast.
You like to eat raw meat.
Your natural rate of healing is unusually fast.
You are covered in fur. (AC +1)
You have very tough skin. (AC +2)


Message History

You assume a fearsome visage.
The elephant easily resists.
The komodo dragon looks frightened!
The elephant looks frightened!
The water moccasin looks frightened!
The elephant looks frightened! x4
The polar bear bites you!
* * * LOW HITPOINT WARNING * * *
The polar bear claws you but does no damage. x2
The polar bear bites you!
* * * LOW HITPOINT WARNING * * *
The polar bear claws you!
* * * LOW HITPOINT WARNING * * *
The polar bear claws you but does no damage.
A wyvern comes into view.
Okay, then.
Okay, then.
You feel better. The polar bear bites you!
* * * LOW HITPOINT WARNING * * *
The polar bear closely misses you. x2
Okay, then.
The polar bear closely misses you. The polar bear claws you.
You die...

, ..........†............#
**.......YY..PP.....#....# ,
*........Y.....†.l......##**
......#....Y..Y......".##,*,
**#.#...l#.#..P...........#
,
**#...Y..##.....%.(.....#**
, ,*##....S.k............##*
*,,,
....P.............<....# *,,
,, #.#.#......Yh@........##
*, , , ##................P##
,, , *#..................# *
, , , #.....Y........$....#
**, , #....................
* ** #..<..............#....
,,, ##...........P..#..##...
, * ,......=.....P##### , ,,
* *,,, , ,,,, * , , ,,,,


You could see 6 elephants, a wind drake, a polar bear (berserk), a komodo dragon
(fleeing), a water moccasin (fleeing) and a wyvern.

Vanquished Creatures
  The ghost of aredel the Fighter, a journeyman FoFi of Kikubaaqudgha (Lair:2)
  2 hydras
  A two-headed ogre (D:9)
  A death yak (Lair:5)
  Pikel (D:6)
  A harpy (Lair:5)
  An orb spider (Lair:4)
  A centaur zombie (D:11)
  18 elephants
  Maurice (D:8)
  Psyche (D:11)
  A black mamba (Lair:3)
  A merfolk siren (Lair:4)
  A gargoyle (D:10)
  4 spiny frogs
  4 rime drakes
  3 komodo dragons
  3 polar bears
  17 blink frogs
  7 hippogriffs
  4 wyverns
  Sigmund (D:6)
  2 water elementals
  25 yaks
  Eustachio (D:6)
  A basilisk (Lair:1)
  2 hungry ghosts
  Menkaure (D:6)
  8 water moccasins
  4 porcupines
  4 black bears
  6 sky beasts
  2 slaves (D:6)
  4 orc warriors (D:9)
  3 ice beasts
  A phantom (D:4)
  3 ogres
  7 centaurs
  6 crocodiles
  2 big kobolds
  8 bullfrogs
  A water moccasin skeleton (D:8)
  2 scorpions
  16 killer bees (D:10)
  5 wights (D:11)
  7 electric eels (D:11)
  2 howler monkeys
  6 crimson imps
  3 hounds
  A jelly (D:10)
  9 orc wizards
  7 orc priests
  A bullfrog skeleton (D:5)
  A centaur skeleton (D:4)
  A gnoll shaman (D:10)
  11 worker ants
  8 iguanas
  A hound zombie (D:11)
  A hound skeleton (D:8)
  A worker ant zombie (D:5)
  15 gnolls
  A howler monkey skeleton (D:6)
  16 adders
  A river rat (D:4)
  5 shadow imps
  An ooze (D:2)
  5 worms
  A dart slug (D:1)
  7 leopard geckos
  29 orcs
  8 bats
  4 giant cockroaches
  7 goblins
  5 hobgoblins
  23 jackals
  18 kobolds
  7 quokkas
  8 ball pythons
  6 frilled lizards
  A jackal skeleton (D:4)
  11 rats
  A plant (Sewer)
429 creatures vanquished.

Vanquished Creatures (collateral kills)
  2 hydras
  A two-headed ogre (D:11)
  3 blink frogs
  A bullfrog (Lair:2)
  An orc priest (D:3)
  Jessica (D:2)
9 creatures vanquished.

Vanquished Creatures (others)
  A slave (D:6)
  11 fungi
  22 plants
34 creatures vanquished.

Grand Total: 472 creatures vanquished

Notes
Turn   | Place    | Note
-------+----------+-------------------------------------------
     0 | D:1      | SnubMonkey the Troll Transmuter began the quest for the Orb.
     0 | D:1      | Reached XP level 1. HP: 18/18 MP: 1/1
     3 | D:1      | Noticed an electric eel
     5 | D:1      | Noticed an electric eel
   121 | D:1      | Reached XP level 2. HP: 24/26 MP: 2/2
   427 | D:1      | Reached XP level 3. HP: 32/32 MP: 3/3
   485 | D:1      | Reached skill level 4 in Unarmed Combat
   600 | D:2      | Learned a level 2 spell: Sticks to Snakes
   955 | D:2      | Noticed Jessica
   972 | D:2      | Reached XP level 4. HP: 35/40 MP: 3/5
  1003 | D:2      | Killed Jessica
  1468 | D:2      | Found a white marble altar of Elyvilon.
  1468 | D:2      | Found an opulent altar of Gozag.
  1712 | D:3      | Learned a level 3 spell: Spider Form
  1730 | D:3      | Reached XP level 5. HP: 43/46 MP: 6/6
  1764 | D:3      | Reached skill level 5 in Unarmed Combat
  2131 | D:3      | Reached XP level 6. HP: 50/54 MP: 6/8
  2642 | D:4      | Reached skill level 6 in Unarmed Combat
  2738 | D:4      | Found a glowing drain.
  2742 | Sewer    | Entered a sewer
  3308 | D:4      | Reached XP level 7. HP: 61/61 MP: 9/9
  3519 | D:4      | Reached skill level 1 in Poison Magic
  3769 | D:4      | Reached skill level 7 in Unarmed Combat
  3940 | D:5      | Entered Level 5 of the Dungeon
  4160 | D:5      | Reached XP level 8. HP: 57/68 MP: 10/10
  4303 | D:5      | Reached skill level 8 in Unarmed Combat
  4757 | D:6      | Noticed Sigmund
  4757 | D:6      | Noticed Eustachio
  4774 | D:6      | Found a staircase to the Ecumenical Temple.
  4783 | Temple   | Entered the Ecumenical Temple
  4868 | Temple   | Became a worshipper of Ashenzari the Shackled
  5073 | D:6      | Reached skill level 9 in Unarmed Combat
  5183 | D:6      | Noticed Pikel
  5199 | D:6      | Killed Pikel
  5199 | D:6      | Reached skill level 5 in Transmutations
  5199 | D:6      | Reached XP level 9. HP: 75/75 MP: 7/11
  5282 | D:6      | Noticed Menkaure
  5348 | D:6      | Killed Sigmund
  5348 | D:6      | Reached skill level 10 in Unarmed Combat
  5366 | D:6      | Killed Eustachio
  5502 | D:6      | Killed Menkaure
  5550 | D:6      | Reached skill level 1 in Fighting
  6172 | D:7      | Reached skill level 11 in Unarmed Combat
  6286 | D:7      | Found a shadowy altar of Dithmenos.
  6333 | D:7      | Found a blossoming altar of Fedhas.
  6357 | D:7      | Reached * piety under Ashenzari
  6496 | D:7      | Found an ornate altar of the Wu Jian Council.
  6703 | D:8      | Noticed a sixfirhy
  6753 | D:8      | Noticed a two-headed ogre
  6803 | D:8      | Found a runed door.
  7313 | D:8      | Reached XP level 10. HP: 86/89 MP: 12/12
  7365 | D:8      | Noticed a two-headed ogre
  7433 | D:8      | Noticed Maurice
  7443 | D:8      | Killed Maurice
  7739 | D:9      | Found an ancient bone altar of Kikubaaqudgha.
  7803 | D:9      | Noticed a two-headed ogre
  8213 | D:9      | Reached ** piety under Ashenzari
  8277 | D:9      | Killed a two-headed ogre
  8307 | D:9      | Learned a level 1 spell: Confusing Touch
  8386 | D:9      | Reached skill level 12 in Unarmed Combat
  8868 | D:9      | Found a staircase to the Orcish Mines.
  9090 | D:10     | Entered Level 10 of the Dungeon
  9342 | D:10     | Noticed a gargoyle
 10239 | D:10     | Killed a gargoyle
 10487 | D:10     | Found a staircase to the Lair.
 10491 | D:10     | Learned a level 2 spell: Passwall
 10549 | D:10     | Reached skill level 13 in Unarmed Combat
 10549 | D:10     | Reached XP level 11. HP: 29/101 MP: 14/14
 10830 | D:11     | Reached skill level 5 in Fighting
 10913 | D:11     | Noticed Psyche
 10922 | D:11     | Killed Psyche
 11709 | D:11     | Noticed a two-headed ogre
 12196 | D:11     | Reached *** piety under Ashenzari
 12334 | D:11     | Found Liashre's Assorted Antiques.
 12337 | D:11     | Bought a fine platinum ring for 175 gold pieces
 12337 | D:11     | Identified the ring "Caipruk" {rC+ MR++ Str+4 SInv} (You bought it in a shop on level 11 of the Dungeon)
 12369 | D:11     | Killed a two-headed ogre
 12583 | D:11     | Learned a level 4 spell: Ice Form
 12667 | Lair:1   | Entered Level 1 of the Lair of Beasts
 12801 | Lair:1   | Learned a level 2 spell: Poisonous Vapours
 13025 | Lair:1   | Reached skill level 1 in Ice Magic
 13913 | Lair:1   | Noticed an oklob plant
 13913 | Lair:1   | Noticed an oklob plant
 14260 | Lair:2   | Noticed aredel's ghost (journeyman FoFi)
 14457 | Lair:2   | Noticed a four-headed hydra
 14480 | Lair:2   | Killed a four-headed hydra
 14805 | Lair:2   | Killed aredel's ghost
 14805 | Lair:2   | Reached skill level 14 in Unarmed Combat
 15068 | Lair:1   | Reached XP level 12. HP: 83/115 MP: 13/15
 16071 | Lair:3   | Reached skill level 5 in Dodging
 16128 | Lair:3   | Noticed a seven-headed hydra
 16137 | Lair:3   | Killed a seven-headed hydra
 16331 | Lair:3   | Reached **** piety under Ashenzari
 17386 | Lair:4   | Noticed a seven-headed hydra
 17403 | Lair:4   | Killed a seven-headed hydra
 17912 | Lair:4   | Reached skill level 15 in Unarmed Combat
 18014 | Lair:4   | Reached XP level 13. HP: 111/127 MP: 14/17
 18253 | Lair:4   | Found a hole to the Spider Nest.
 18586 | Lair:4   | Found a staircase to the Shoals.
 18940 | Lair:5   | Found a runed door.
 18945 | Lair:5   | Found a viscous altar of Jiyva.
 18945 | Lair:5   | Noticed an acid blob
 18946 | Lair:5   | Found a staircase to the Slime Pits.
 18946 | Lair:5   | Noticed an acid blob
 20260 | Lair:5   | Learned a level 5 spell: Blade Hands
 20279 | Lair:6   | Entered Level 6 of the Lair of Beasts
 20480 | Lair:6   | Identified the amulet of Scepticism {RegenMP rF- Int+6}
 20544 | Lair:6   | HP: 6/128 [polar bear (7)]
 20545 | Lair:6   | HP: 1/128 [polar bear (12)]
 20546 | Lair:6   | Slain by a polar bear

Vault maps used:
D:1:      arrival_aquarium_b
D:2:      gammafunk_temple_overflow_pools, minmay_tromino_mix6, uniq_jessica
D:3:      grunt_ministairs_15
D:4:      gup_sewer_entry_bowl
D:5:      first_ration
D:6:      minmay_temple_entry_crystal_x, uniq_menkaure, uniq_sigmund,
          uniq_pikel, uniq_eustachio
D:7:      lemuel_doored_altar, kennysheep_little_box,
          nicolae_dithmenos_the_darkroom
D:8:      cheibrodos_shockbox, blue_anna_alchemist, uniq_maurice
D:9:      old_standard_altar, david_orc_4, introduction_to_nature_2
D:10:     lair_entry_dummy
D:11:     lab_entry_generic, serial_bayou, serial_bayou_lagoon_b,
          serial_bayou_ford_a, serial_bayou_lake_a, serial_bayou_pond_c,
          serial_bayou_pond_c, serial_bayou_lagoon_a, serial_shops,
          kennysheep_mini_moat, serial_bayou_pond_c, uniq_psyche
Temple:   eino_temple_rhombus
Lair:1:   minmay_lair_oklob_chamber
Lair:2:   nicolae_volcano_entry_vermiform
Lair:4:   minmay_shoals_entry_lonely_mermaid, nicolae_spider_entry_orb_guardian
Lair:5:   slime_altar_2
Lair:6:   gammafunk_lair_ancient_temple, infiniplex_staircase_pool_2, uniq_kirke
Sewer:    sewer_co_scattered_pipes

Skill      XL: |  1  2  3  4  5  6  7  8  9 10 11 12 13 |
---------------+----------------------------------------+-----
Unarmed Combat | 4 5 6 7 9 11 13 14 15 | 15.7
Transmutations | 2 3 5 6 |  6.9
Spellcasting   | 2 3 4 |  4.4
Poison Magic   | 2 |  2.0
Fighting       | 2 4 6 8 |  8.6
Dodging        | 4 6 |  6.2
Ice Magic      | 1 |  1.5

Action                   |  1- 3 |  4- 6 |  7- 9 | 10-12 | 13-15 || total
-------------------------+-------+-------+-------+-------+-------++-------
Melee: Unarmed           |   104 |   207 |   297 |   688 |   139 ||  1435
       Punch             |     2 |     1 |     5 |    13 |       ||    21
       Kick              |     2 |     2 |       |     4 |       ||     8
       Headbutt          |       |     1 |     2 |     6 |       ||     9
Throw: Javelin           |       |       |       |       |     7 ||     7
       Large rock        |       |       |       |       |     1 ||     1
 Cast: Beastly Appendage |     1 |     2 |     1 |     5 |       ||     9
       Sticks to Snakes  |       |     4 |     4 |    64 |    20 ||    92
       Spider Form       |       |       |    19 |    50 |    16 ||    85
       Ice Form          |       |       |       |     8 |     5 ||    13
       Confusing Touch   |       |       |       |    10 |     4 ||    14
       Poisonous Vapours |       |       |       |     3 |     5 ||     8
       Blade Hands       |       |       |       |       |     3 ||     3
Invok: Curse Item        |       |       |     2 |     2 |     1 ||     5
 Abil: End Transformatio |       |       |       |       |     1 ||     1
Evoke: Wand              |       |       |       |    14 |     6 ||    20
  Use: Scroll            |     3 |     4 |    13 |     8 |     4 ||    32
       Potion            |       |       |       |     5 |     3 ||     8
 Stab: Sleeping          |     1 |       |       |     2 |       ||     3
       Distracted        |       |       |       |     2 |       ||     2
       Confused          |       |       |       |     1 |     1 ||     2
  Eat: Chunk             |    14 |    22 |    41 |   102 |    28 ||   207
       Ration            |       |       |     1 |     5 |       ||     6
Armor: Robe              |    41 |    65 |    43 |    92 |    28 ||   269
       Skin              |       |       |     9 |    25 |     3 ||    37
Dodge: Dodged            |    62 |    86 |   161 |   472 |   143 ||   924

Table legend:
 A = Spawn XP
 B = Non-spawn XP
 C = Spawn XP percentage of total XP
 D = Spawn monster count
 E = Non-spawn monster count
 F = Spawn count percentage of total count
 G = Total turns spent on level
                    A         B        C        D         E        F      G
               +---------+---------+-------+---------+---------+-------+---------
         Total |       0 |   50396 |   0.0 |       0 |     435 |   0.0 | 20546
               +---------+---------+-------+---------+---------+-------+---------
           D:1 |       0 |      52 |   0.0 |       0 |      31 |   0.0 |   587
           D:2 |       0 |     128 |   0.0 |       0 |      28 |   0.0 |  1105
           D:3 |       0 |     337 |   0.0 |       0 |      42 |   0.0 |   860
           D:4 |       0 |     566 |   0.0 |       0 |      15 |   0.0 |  1034
           D:5 |       0 |     913 |   0.0 |       0 |      23 |   0.0 |   852
           D:6 |       0 |    1811 |   0.0 |       0 |      19 |   0.0 |   938
           D:7 |       0 |     728 |   0.0 |       0 |      14 |   0.0 |   812
           D:8 |       0 |    1571 |   0.0 |       0 |      23 |   0.0 |  1146
           D:9 |       0 |    2264 |   0.0 |       0 |      36 |   0.0 |  1317
          D:10 |       0 |    3973 |   0.0 |       0 |      47 |   0.0 |  1972
          D:11 |       0 |    3184 |   0.0 |       0 |      28 |   0.0 |  1711
        Lair:1 |       0 |    3574 |   0.0 |       0 |      14 |   0.0 |  1418
        Lair:2 |       0 |    7378 |   0.0 |       0 |      22 |   0.0 |  1811
        Lair:3 |       0 |    5425 |   0.0 |       0 |      19 |   0.0 |  1272
        Lair:4 |       0 |   10598 |   0.0 |       0 |      36 |   0.0 |  1791
        Lair:5 |       0 |    6629 |   0.0 |       0 |      21 |   0.0 |  1210
        Lair:6 |       0 |    1196 |   0.0 |       0 |       3 |   0.0 |   117
         Sewer |       0 |      69 |   0.0 |       0 |      14 |   0.0 |   491
               +---------+---------+-------+---------+---------+-------+---------
